 Dungeon Crawl Stone Soup version 0.20.0-8-g6b59dc7 (webtiles) character file.

255 4thArraOfDagon the Slasher (level 6, -8/51 HPs)
             Began as a Barachi Fighter on June 2, 2017.
             Killed from afar by Sigmund (34 damage)
             ... with an exploding inner flame
             ... hexed by the player character
             ... on level 3 of the Dungeon.
             The game lasted 00:03:10 (438 turns).

4thArraOfDagon the Slasher (Barachi Fighter)         Turns: 438, Time: 00:03:11

Health: -8/51      AC:  9    Str: 17    XL:     6   Next: 15%
Magic:  6/6        EV:  7    Int: 11    God:
Gold:   68         SH:  9    Dex: 11    Spells: 5/5 levels left

rFire    . . .     SeeInvis .   a - +0 long sword
rCold    . . .     Gourm    .   c - +0 shield
rNeg     . . .     Faith    .   b - +0 scale mail
rPois    .         Spirit   .   (no helmet)
rElec    .         Reflect  .   d - +1 cloak
rCorr    .         Harm     .   (no gloves)
MR       .....                  (no boots)
Stlth    ..........             (no amulet)
Regen    0.2/turn               (no ring)
MPRegen  0.1/turn               (no ring)

@: can't hop, slow
A: +LOS, swims, slowness 1, strong legs 1
a: Hop


You were on level 3 of the Dungeon.
You were not hungry.

You visited 1 branch of the dungeon, and saw 4 of its levels.

You collected 68 gold pieces.

Inventory:

Hand Weapons
 a - a +0 long sword (weapon)
Armour
 b - a +0 scale mail (worn)
 c - a +0 shield (worn)
 d - a +1 cloak (worn)
 j - a +0 ring mail
Wands
 i - a wand of random effects (24/48)
Scrolls
 g - a scroll of remove curse
 l - a scroll of amnesia
 o - a scroll of enchant armour
Potions
 m - a potion of brilliance
Comestibles
 f - a bread ration


   Skills:
 + Level 5.0 Fighting
 * Level 5.4 Long Blades
 - Level 5.1 Armour
 + Level 0.0 Dodging
 - Level 3.2 Shields


You had 5 spell levels left.
You didn't know any spells.

Dungeon Overview and Level Annotations

Branches:
Dungeon (4/15)
 Temple: D:4-7

Altars:

Shops:
D:4 :

Annotations:
D:3 Natasha


Innate Abilities, Weirdness & Mutations

Shadows flee at your approach. (+LOS)
You can swim through water.
You cover ground slowly.
You can hop short distances.


Message History

Evoking this partially-identified wand wasted a few charges.
Something hits you.
Evoke which item? (* to show all) (? for menu, Esc to quit)
Aiming: Random Effects (will waste charges)
Press: ? - help, Shift-Dir - straight line The bolt of negative energy hits something.
Evoking this partially-identified wand wasted a few charges.
Evoke which item? (* to show all) (? for menu, Esc to quit)
Aiming: Random Effects (will waste charges)
Press: ? - help, Shift-Dir - straight line Nothing appears to happen.
Evoking this partially-identified wand wasted a few charges.
Something hits you.
Evoke which item? (* to show all) (? for menu, Esc to quit)
Aiming: Random Effects (will waste charges)
Press: ? - help, Shift-Dir - straight line The mass of ice explodes!
The iceblast engulfs something.
The fiery explosion engulfs you!
Ouch! That really hurt!
You die...

#### ####### ...#
#.....# ##.#
#.....####### #.#
#...........# #.#
#.....#####.## ##.#####
#......ยง.....#
.......#####...#@####..#
....)............# $...
..)>##.#####...### ####
###.##..# ##### #.##..#
#.#...# #....## #....#
....##


There were no monsters in sight!

Vanquished Creatures
  Grinder (D:3)
  Jessica (D:2)
  An adder (D:4)
  An orc (D:3)
  A ball python (D:3)
  A giant cockroach (D:1)
  A goblin (D:2)
  3 hobgoblins
  4 jackals (D:3)
  6 kobolds
  2 bats
  2 rats (D:1)
24 creatures vanquished.

Notes
Turn   | Place    | Note
-------+----------+-------------------------------------------
     0 | D:1      | 4thArraOfDagon the Barachi Fighter began the quest for the Orb.
     0 | D:1      | Reached XP level 1. HP: 18/18 MP: 1/1
   120 | D:1      | Reached XP level 2. HP: 16/25 MP: 2/2
   179 | D:2      | Noticed Jessica
   185 | D:2      | Killed Jessica
   185 | D:2      | Reached XP level 3. HP: 30/30 MP: 3/3
   276 | D:3      | Noticed Grinder
   289 | D:3      | Killed Grinder
   289 | D:3      | Reached skill level 5 in Fighting
   289 | D:3      | Reached skill level 5 in Long Blades
   289 | D:3      | Reached skill level 5 in Armour
   289 | D:3      | Reached XP level 4. HP: 11/39 MP: 4/4
   289 | D:3      | Reached XP level 5. HP: 12/44 MP: 5/5
   289 | D:3      | Reached XP level 6. HP: 14/51 MP: 6/6
   333 | D:3      | Noticed Natasha
   349 | D:4      | Found Liuj's Book Boutique.
   422 | D:3      | Noticed Sigmund
   438 | D:3      | Killed Sigmund
   438 | D:3      | Killed from afar by Sigmund

Skill      XL: |  1  2  3 |
---------------+----------+-----
Fighting       | 4 5 |  5.0
Long Blades    | 3 5 |  5.4
Armour         | 4 5 |  5.1
Shields        | |  3.2

Action                   |  1- 3 |  4- 6 || total
-------------------------+-------+-------++-------
Melee: Long sword        |    61 |    22 ||    83
 Abil: Hop               |       |     1 ||     1
Evoke: Wand              |       |     5 ||     5
  Use: Potion            |     3 |     1 ||     4
       Scroll            |       |     6 ||     6
Armor: Scale mail        |    23 |    24 ||    47
Dodge: Dodged            |    16 |     7 ||    23
Block: Shield            |    30 |    25 ||    55
       Rpst.: Long sword |     6 |     2 ||     8
